 Dungeon Crawl Stone Soup version 0.21-a0-529-g8c7b3f5 (webtiles) character file.

50 slep the Chopper (level 3, -3/29 HPs)
             Began as a Barachi Gladiator on Dec 11, 2017.
             Blown up by Ijyb (10 damage)
             ... with a wand of disintegration (6)
             ... on level 3 of the Dungeon.
             The game lasted 00:03:56 (1752 turns).

slep the Chopper (Barachi Gladiator)                Turns: 1752, Time: 00:03:56

Health: -3/29      AC:  4    Str: 16    XL:     3   Next: 79%
Magic:  3/3        EV: 13    Int:  8    God:
Gold:   63         SH:  0    Dex: 13    Spells: 2/2 levels left

rFire    . . .     SeeInvis .   a - +0 war axe
rCold    . . .     Gourm    .   (no shield)
rNeg     . . .     Faith    .   b - +0 leather armour
rPois    .         Spirit   .   c - +0 helmet
rElec    .         Reflect  .   (no cloak)
rCorr    .         Harm     .   (no gloves)
MR       .....                  (no boots)
Stlth    +.........             (no amulet)
HPRegen  0.09/turn              (no ring)
MPRegen  0.08/turn              (no ring)

@: slow
A: +LOS, swims, slowness 1, strong legs 1
a: Hop


You were on level 3 of the Dungeon.
You were hungry.

You visited 1 branch of the dungeon, and saw 3 of its levels.

You collected 63 gold pieces.

Inventory:

Hand Weapons
 a - a +0 war axe (weapon)
Missiles
 d - 2 throwing nets (quivered)
 q - 5 javelins of returning
Armour
 b - a +0 leather armour (worn)
 c - a +0 helmet (worn)
Scrolls
 h - a scroll of remove curse {unknown}
 j - a scroll of noise {unknown}
 l - a scroll of amnesia {unknown}
 o - a scroll of identify {unknown}
 r - a scroll of teleportation {unknown}
 t - a scroll of fog {unknown}
Potions
 e - a potion of haste {unknown}
 g - a potion of berserk rage {unknown}
 i - 3 potions of heal wounds {unknown}
 k - 4 potions of curing {unknown}
 m - a potion of brilliance {unknown}
 n - 2 potions of agility {unknown}
 p - a potion of degeneration {unknown}
Comestibles
 f - 2 bread rations


   Skills:
 + Level 3.0 Fighting
 + Level 4.0 Axes
 + Level 2.2 Throwing
 + Level 1.2 Armour
 + Level 3.7 Dodging
 + Level 0.1 Stealth


You had 2 spell levels left.
You didn't know any spells.

Dungeon Overview and Level Annotations

Branches:
Dungeon (3/15)

Altars:
Hepliaklqana
Sif Muna

Annotations:
D:3 Ijyb


Innate Abilities, Weirdness & Mutations

Shadows flee at your approach. (+LOS)
You can swim through water.
You cover ground slowly.
You can hop short distances.


Message History

Things that are here:
a bat corpse; a hobgoblin corpse You now have 63 gold pieces (gained 5).
HP restored.
You are feeling hungry.
A kobold comes into view.
Ijyb the Twisted Goblin comes into view.
She is wielding a dagger.
Ijyb shouts!
Ijyb zaps a wand.
You are blasted!
Ouch! That really hurt!
* * * LOW HITPOINT WARNING * * *
It is a wand of disintegration (7).
Found a ring mail.
Found a stone staircase leading up.
Throwing (i - inventory. (,) - cycle):
d - 3 throwing nets (quivered)
Press: ? - help, Shift-Dir - straight line, f - Ijyb
Aim: Ijyb, wielding a dagger, wearing a leather armour and carrying a wand of disintegration (7)
You throw a throwing net. The throwing net barely misses Ijyb.
Ijyb zaps a wand.
You barely resist.
Ijyb zaps a wand.
You are blasted!
You die...

#. #.####
#..... #
#.....###.#
##(......#.
.........?
#..g.bK#
+......#
#....#@#
#... #.#
#[. #.# #.
#.# .< #.#
.. ####.# .
#....#
#.#### #.#


You could see Ijyb, a bat and a kobold.

Vanquished Creatures
  An adder (D:2)
  An adder zombie (D:2)
  2 worms (D:2)
  A dart slug (D:2)
  A leopard gecko (D:1)
  An orc (D:3)
  6 goblins
  5 hobgoblins
  6 bats
  A frilled lizard (D:1)
  A kobold (D:2)
  2 rats
28 creatures vanquished.

Notes
Turn   | Place    | Note
-------+----------+-------------------------------------------
     0 | D:1      | slep the Barachi Gladiator began the quest for the Orb.
     0 | D:1      | Reached XP level 1. HP: 17/17 MP: 1/1
   191 | D:1      | Reached XP level 2. HP: 10/23 MP: 2/2
   984 | D:2      | Reached XP level 3. HP: 8/28 MP: 3/3
  1213 | D:2      | Found a hazy altar of Hepliaklqana.
  1326 | D:2      | Reached skill level 4 in Axes
  1531 | D:2      | Reached skill level 1 in Armour
  1623 | D:2      | Found a deep blue altar of Sif Muna.
  1749 | D:3      | Noticed Ijyb
  1752 | D:3      | Blown up by Ijyb

Vault maps used:
D:1:      shiori_arrival_oz, kennysheep_nondescript
D:2:      lemuel_doored_altar, first_bread, serial_undead, serial_undead_d,
          serial_undead_e, serial_undead_c, serial_undead_c, led_sif_pool
D:3:      tgw_fedhas, uniq_sigmund, uniq_ijyb

Skill      XL: |  1  2  3 |
---------------+----------+-----
Axes           | 4 |  4.0
Fighting       | 3 |  3.0
Armour         | 1 |  1.2
Throwing       | |  2.2
Dodging        | |  3.7
Stealth        | |  0.1

Action                   || total
-------------------------++-------
Melee: War axe           ||   106
Throw: Throwing net      ||     1
  Eat: Chunk             ||     3
Armor: Leather armour    ||    35
Dodge: Dodged            ||   113

Table legend:
 A = Spawn XP
 B = Non-spawn XP
 C = Spawn XP percentage of total XP
 D = Spawn monster count
 E = Non-spawn monster count
 F = Spawn count percentage of total count
 G = Total turns spent on level
                    A         B        C        D         E        F      G
               +---------+---------+-------+---------+---------+-------+---------
         Total |       0 |      72 |   0.0 |       0 |      28 |   0.0 |  1752
               +---------+---------+-------+---------+---------+-------+---------
           D:1 |       0 |      20 |   0.0 |       0 |      11 |   0.0 |   833
           D:2 |       0 |      42 |   0.0 |       0 |      12 |   0.0 |   827
           D:3 |       0 |      10 |   0.0 |       0 |       5 |   0.0 |    92
               +---------+---------+-------+---------+---------+-------+---------
